AoeStats
← Best Overtime 12

Arabia

510613118Analyzed
1v1 RM · 2d ago on Oct 1, 2026· 58m 11s· 2 players
Game mode
Random Map
Map size
Tiny (2 player)
Population
200
Speed
Normal
Resources
Standard
Victory
Conquest
Starting age
Dark Age
Ending age
Imperial Age
RankedLock teamsTeams togetherTeam positionsShared explorationLock speedFull tech treeHidden civsTurbo modeCheats
Victory
Defeat
🇰🇷 Magyars · South Korea
1504
+15
🇧🇪 Varangians · Belgium
1479
-15
Best Overtime 12
6:08 Loom
8:54 Feudal Age
9:44 Double-Bit Axe
19:22 Castle Age
18:06 Forging
18:17 Forging
19:31 Gold Mining
19:45 Scale Mail Armor
21:32 Iron Casting
23:08 Horse Collar
28:43 Wheelbarrow
27:55 Town Watch
28:15 Squires
36:07 Imperial Age
34:12 Gambesons
34:45 Hand Cart
34:58 Bow Saw
36:17 Fletching
36:27 Padded Archer Armor
36:20 Elite Skirmisher
36:25 Elite Varangian Guard
37:10 Bodkin Arrow
37:33 Chain Mail Armor
40:02 Plate Mail Armor
39:28 Bodkin Arrow
39:49 Leather Archer Armor
40:49 Ballistics
41:30 Chemistry
39:59 Pikeman
42:52 Bracer
43:22 Ring Archer Armor
43:53 Blast Furnace
42:46 Arson
45:28 Halberdier
46:31 Bloodlines
46:22 Husbandry
48:44 Scale Barding Armor
49:52 Chain Barding Armor
48:56 Light Cavalry
51:02 Conscription
50:26 Hussar
50:50 Gothikon
53:10 Plate Barding Armor
55:46 Heavy Plow
wyk7777
4:02 Loom
10:41 Feudal Age
11:06 Double-Bit Axe
11:06 Horse Collar
16:34 Wheelbarrow
18:23 Bloodlines
22:46 Castle Age
22:12 Scale Barding Armor
22:49 Light Cavalry
23:30 Husbandry
23:40 Heavy Plow
23:53 Bow Saw
24:49 Hand Cart
26:31 Chain Barding Armor
26:57 Gold Mining
28:34 Gold Shaft Mining
30:24 Fletching
32:56 Bodkin Arrow
33:47 Padded Archer Armor
34:51 Ballistics
35:47 Leather Archer Armor
39:37 Imperial Age
38:28 Stone Mining
39:38 Treadmill Crane
40:51 Crop Rotation
41:22 Two-Man Saw
39:43 Hussar
40:42 Bracer
41:57 Chemistry
41:56 Parthian Tactics
41:25 Heavy Cavalry Archer
42:49 Plate Barding Armor
44:35 Ring Archer Armor
45:13 Recurve Bow
45:34 Conscription
46:44 Corvinian Army
46:04 Elite Magyar Huszar
47:20 Hoardings
47:13 Scale Mail Armor
52:28 Masonry
52:24 Siege Engineers
52:16 Murder Holes
Connection lost

Rejoining the realm…

Still unreachable

The connection could not be restored.

Session expired

The server has moved on; the page needs a fresh start.